 Dungeon Crawl Stone Soup version 0.22-a0-136-g83a10e5 (webtiles) character file.

203 Gildeon the Vandal (level 6, -3/40 HPs)
             Began as a Kobold Hunter on Feb 3, 2018.
             Was an Initiate of Sif Muna.
             Slain by Pikel
             ... wielding a +1 whip of flaming
              (4 damage)
             ... on level 3 of the Dungeon.
             The game lasted 00:16:31 (2447 turns).

Gildeon the Vandal (Kobold Hunter)                  Turns: 2447, Time: 00:16:31

Health: -3/40      AC:  3    Str: 10    XL:     6   Next: 8%
Magic:  6/6        EV: 15    Int: 12    God:    Sif Muna [......]
Gold:   118        SH:  5    Dex: 17    Spells: 5/5 levels left

rFire    . . .     SeeInvis +   a - +3 hunting sling
rCold    . . .     Gourm    .   (shield restricted)
rNeg     . . .     Faith    .   c - +0 leather armour
rPois    .         Spirit   .   (no helmet)
rElec    .         Reflect  +   (no cloak)
rCorr    .         Harm     .   (no gloves)
MR       .....                  (no boots)
Stlth    ++........             g - +5 amulet of reflection
HPRegen  0.13/turn              j - ring of see invisible
MPRegen  0.10/turn              (no ring)

@: no status effects
A: small, carnivore
a: Renounce Religion


You were on level 3 of the Dungeon.
You worshipped Sif Muna.
Sif Muna was noncommittal.
You were completely stuffed.

You visited 1 branch of the dungeon, and saw 4 of its levels.

You collected 118 gold pieces.

Inventory:

Hand Weapons
 a - a +3 hunting sling (weapon)
 b - a +0 short sword
Missiles
 d - 31 sling bullets (quivered)
 h - 88 stones
Armour
 c - a +0 leather armour (worn)
Jewellery
 g - a +5 amulet of reflection (around neck)
 j - a ring of see invisible (left hand)
 m - an uncursed ring of wizardry {unknown}
Scrolls
 k - 2 scrolls of remove curse
 n - a scroll of blinking
Potions
 i - a potion of magic
 l - a potion of brilliance {unknown}
 o - a potion of mutation {unknown}
 p - 3 potions of curing {unknown}
 q - a potion of degeneration {unknown}
 t - a potion of heal wounds {unknown}
Comestibles
 f - 6 rations
 r - a chunk of flesh


   Skills:
 - Level 5.0 Fighting
 + Level 2.2 Short Blades
 - Level 5.0 Slings
 - Level 2.4 Dodging
 - Level 1.3 Stealth


You had 5 spell levels left.
You didn't know any spells.

Dungeon Overview and Level Annotations

Branches:
Dungeon (4/15)
 Temple: D:4-7

Altars:
Sif Muna
Vehumet
Zin

Annotations:
D:3 Pikel


Innate Abilities, Weirdness & Mutations

You are small and have problems with some larger weapons.
You are carnivorous and can eat meat at any time.


Message History

Press: ? - help, Shift-Dir - straight line, f/p - Pikel
Aim: Pikel, wielding a whip of flaming, wearing a robe and carrying a wand of enslavement (14) (moderately wounded)
You shoot a sling bullet. The sling bullet hits Pikel.
Pikel is moderately wounded.
The bat hits you but does no damage. Pikel barely misses you.
The slave barely misses you. The slave hits you!
* * * LOW HITPOINT WARNING * * *
Firing (i - inventory. (/) - cycle)
d - 33 sling bullets (quivered)
Press: ? - help, Shift-Dir - straight line, f/p - Pikel
Aim: Pikel, wielding a whip of flaming, wearing a robe and carrying a wand of enslavement (14) (moderately wounded)
You shoot a sling bullet. The sling bullet barely misses Pikel.
You block the bat's attack. Pikel misses you. The slave closely misses you.
The slave hits you!
* * * LOW HITPOINT WARNING * * *
Firing (i - inventory. (/) - cycle)
d - 32 sling bullets (quivered)
Press: ? - help, Shift-Dir - straight line, f/p - Pikel
Aim: Pikel, wielding a whip of flaming, wearing a robe and carrying a wand of enslavement (14) (moderately wounded)
You shoot a sling bullet. The sling bullet closely misses Pikel.
The bat completely misses you. Pikel hits you with a whip of flaming.
You die...

#+# #.....# ....#.........##
##....(.#.. #.........#
......##... ....## #.........#
........... ....[# #########
....[..#..# ....# #######
.......#..# #.b.# ###......
.......#..#####...# #_'......
.......#.......Kp.##.######......
................@p...... #######
..##.#.#.#######.#######
.........# #.# .......#.# #(#
###### .###.#.#.# #.# #.....
##.....#.# #.# ###.####
##.#.#.#.# #.# #<..# ...#.#.#.#
#.# ##### ##.#...>.#


You could see Pikel, 2 slaves and a bat.

Vanquished Creatures
  The ghost of anet the Ducker, an amateur HaWz (D:3)
  3 adders
  An ooze (D:3)
  3 leopard geckos
  6 orcs (D:3)
  A ball python (D:3)
  4 bats
  2 giant cockroaches (D:3)
  5 hobgoblins
  A quokka (D:3)
  10 frilled lizards
  2 goblins
  7 kobolds
  8 rats
54 creatures vanquished.

Notes
Turn   | Place    | Note
-------+----------+-------------------------------------------
     0 | D:1      | Gildeon the Kobold Hunter began the quest for the Orb.
     0 | D:1      | Reached XP level 1. HP: 12/12 MP: 1/1
   273 | D:1      | Reached XP level 2. HP: 17/17 MP: 2/2
   683 | D:1      | Reached XP level 3. HP: 20/21 MP: 3/3
  1126 | D:2      | Reached skill level 5 in Slings
  1255 | D:2      | Found a radiant altar of Vehumet.
  1564 | D:2      | Found a glowing silver altar of Zin.
  1699 | D:3      | Noticed anet's ghost (amateur HaWz)
  1716 | D:3      | Killed anet's ghost
  1716 | D:3      | Reached XP level 4. HP: 19/30 MP: 4/4
  1716 | D:3      | Reached XP level 5. HP: 22/34 MP: 5/5
  1726 | D:3      | Found a deep blue altar of Sif Muna.
  1740 | D:3      | Became a worshipper of Sif Muna the Loreminder
  1864 | D:3      | Reached skill level 5 in Fighting
  1888 | D:3      | Reached skill level 1 in Short Blades
  1991 | D:3      | Reached XP level 6. HP: 40/40 MP: 6/6
  2431 | D:4      | Noticed Pikel
  2431 | D:4      | Noticed a slave
  2431 | D:4      | Noticed a slave
  2431 | D:4      | Noticed a slave
  2431 | D:4      | Noticed a slave
  2446 | D:3      | HP: 1/40 [slave[Pikel] (7)]
  2447 | D:3      | Slain by Pikel

Vault maps used:
D:1:      lemuel_arrival_room, minmay_lizard_king
D:2:      vehumet_crystals, nicolae_overflow_crystal_walls
D:3:      chequers_ecumenical_altar_twisty, lemuel_blue_sif_altar
D:4:      serial_shops, nicolae_shop_stone, uniq_robin, uniq_pikel

Skill      XL: |  1  2  3  4  5  6 |
---------------+-------------------+-----
Slings         | 5 |  5.0
Fighting       | 4 5 |  5.0
Short Blades   | 1 2 |  2.2
Dodging        | |  2.4
Stealth        | |  1.3

Action                   |  1- 3 |  4- 6 || total
-------------------------+-------+-------++-------
 Fire: Hunting sling     |   110 |    52 ||   162
  Use: Scroll            |     9 |     1 ||    10
       Potion            |     2 |     1 ||     3
  Eat: Chunk             |    11 |     2 ||    13
Armor: Leather armour    |    10 |     7 ||    17
Dodge: Dodged            |    31 |    32 ||    63
Block: Other             |     1 |     9 ||    10

Table legend:
 A = Spawn XP
 B = Non-spawn XP
 C = Spawn XP percentage of total XP
 D = Spawn monster count
 E = Non-spawn monster count
 F = Spawn count percentage of total count
 G = Total turns spent on level
                    A         B        C        D         E        F      G
               +---------+---------+-------+---------+---------+-------+---------
         Total |       0 |     291 |   0.0 |       0 |      54 |   0.0 |  2447
               +---------+---------+-------+---------+---------+-------+---------
           D:1 |       0 |      32 |   0.0 |       0 |      22 |   0.0 |  1110
           D:2 |       0 |      35 |   0.0 |       0 |       9 |   0.0 |   547
           D:3 |       0 |     224 |   0.0 |       0 |      23 |   0.0 |   784
               +---------+---------+-------+---------+---------+-------+---------
